 Dungeon Crawl Stone Soup version 0.31.0-11-ge490571c62 (webtiles) character file.

Game seed: 13648959415937200616

2671 hawla the Thaumaturge (level 9, -3/48 HPs)
             Began as a Deep Elf Conjurer on Feb 5, 2024.
             Was an Initiate of Vehumet.
             Slain by a warg (9 damage)
             ... on level 1 of the Lair of Beasts.
             The game lasted 00:22:04 (8766 turns).

hawla the Thaumaturge (Deep Elf Conjurer)           Turns: 8766, Time: 00:22:05

Health: -3/48      AC:  5    Str:  7    XL:     9   Next: 37%
Magic:  0/33       EV: 18    Int: 28    God:    Vehumet [......]
Gold:   507        SH:  0    Dex: 13    Spells: 19/26 levels left

rFire   . . .        g - +2 quarterstaff (drain)
rCold   . . .        (shield currently unavailable)
rNeg    + . .        a - +1 robe
rPois   .            b - +0 helmet
rElec   .            h - +0 cloak
rCorr   .            (no gloves)
SInv    .            (no boots)
Will    .....        i - amulet of guardian spirit
Stlth   +++          o - ring of Moderation {rN+ EV+5 Str+3}
HPRegen 0.28/turn    n - ring of magical power
MPRegen 0.23/turn

%: guardian spirit
@: studying Staves
A: no striking features
a: Renounce Religion


You were on level 1 of the Lair of Beasts.
You worshipped Vehumet.
Vehumet was noncommittal.
You visited 3 branches of the dungeon, and saw 12 of its levels.
You also visited: Sewer.

You collected 507 gold pieces.

Inventory:

Hand Weapons
 g - a +2 quarterstaff of draining (weapon)
Armour
 a - a +1 robe (worn)
 b - a +0 helmet (worn)
 h - a +0 cloak (worn)
Jewellery
 f - a +4 ring of protection
 i - an amulet of guardian spirit (around neck)
 k - a ring of fire
 n - a ring of magical power (right hand)
 o - the ring of Moderation (left hand) {rN+ EV+5 Str+3}
   (You acquired it on level 5 of the Dungeon)

   [ring of evasion]

   EV+5:      It affects your evasion (+5).
   Str+3:     It affects your strength (+3).
   rN+:       It protects you from negative energy.
 q - a ring of fire
 y - a +5 ring of evasion
Wands
 v - a wand of acid (10)
Scrolls
 s - 2 scrolls of identify
 u - a scroll of fog
Potions
 c - a potion of resistance
 e - a potion of experience {unknown}
 j - 4 potions of haste {unknown}
 l - a potion of invisibility {unknown}
 m - a potion of attraction {unknown}
 p - 2 potions of curing
 r - a potion of heal wounds {unknown}
 w - 2 potions of ambrosia {unknown}
 x - a potion of cancellation
 z - 2 potions of lignification {unknown}


   Skills:
 - Level 2.0 Fighting
 - Level 0.2 Staves
 + Level 4.6 Dodging
 - Level 5.0 Stealth
 - Level 4.0 Shields
 - Level 9.0 Spellcasting
 - Level 7.0 Conjurations
 - Level 3.0 Translocations
 - Level 5.0 Evocations
 + Level 3.0 Shapeshifting


You had 19 spell levels left.
You knew the following spells:

 Your Spells              Type           Power      Damage    Failure   Level
a - Magic Dart            Conj           100%       1d8       1%          1
b - Searing Ray           Conj           100%       2d8       1%          2
c - Iskenderun's Mystic   Conj/Tloc      40%        2d9       5%          4

Your spell library contained the following spells:

 Spells                   Type           Power      Damage    Failure   Level
 Necrotise                Necr           48%        1d6       4%          1
 Fulminant Prism          Conj/Alch      16%        3d10      11%         4
 Frozen Ramparts          Ice            24%        1d4       13%         3
 Tukima's Dance           Hex            12%        N/A       13%         3
 Vampiric Draining        Necr           12%        2d6       13%         3
 Passage of Golubria      Tloc           29%        N/A       13%         4
 Leda's Liquefaction      Alch/Erth      6%         N/A       41%         4
 Martyr's Knell           Necr/Summ      12%        N/A       41%         4
 Petrify                  Alch/Erth      12%        N/A       41%         4
 Curse of Agony           Necr           12%        N/A       77%         5
 Metabolic Englaciation   Hex/Ice        6%         N/A       77%         5
 Yara's Violent Unravell  Hex/Alch       6%         3d5       77%         5


Dungeon Overview and Level Annotations

Branches:
Dungeon (10/15)            Temple (1/1) D:5            Lair (1/5) D:8
  Sewer (visited)
    Orc: D:9-12

Altars:
Ashenzari
Cheibriados
Dithmenos
Gozag
Hepliaklqana
Kikubaaqudgha
Makhleb
Nemelex Xobeh
Okawaru
Qazlal
Ru
Trog
Uskayaw
Vehumet
Wu Jian
Yredelemnul
Zin
The Shining One

Shops:
D:6 *

Annotations:
D:4 2 transporters, Meikha's ghost, amateur OpMo
D:8 Jeremiah


Message History

You kill the wolf!
Vehumet accepts your kill.
The mystic blast hits the orc priest!
The orc priest is heavily wounded.
The orc priest is knocked back by the mystic blast.
The orc priest slams into the rock wall!
The orc priest is severely wounded.
The mystic blast hits the orc priest!
The orc priest is severely wounded.
The orc priest is knocked back by the mystic blast.
You feel sick.
You hear a loud, deep croak!
The warg barely misses you. The warg bites you!!
Casting: Iskenderun's Mystic Blast (dangerous; 5% risk of failure)
Confirm with . or Enter, or press ? or * to list all spells.
You erupt in a blast of force!
The mystic blast hits the orc priest!
You kill the orc priest!
Vehumet accepts your kill.
The mystic blast hits the warg but does no damage.
The warg is moderately wounded.
The mystic blast hits the orc priest.
You kill the orc priest!
Vehumet accepts your kill.
You feel sick. The warg completely misses you.
Your Shapeshifting skill increases to level 3!
Casting: Iskenderun's Mystic Blast (dangerous; 5% risk of failure)
Confirm with . or Enter, or press ? or * to list all spells.
You erupt in a blast of force!
The mystic blast hits the warg.
The warg is moderately wounded.
The warg is knocked back by the mystic blast.
The warg slams into the rock wall!
You feel sick. The warg completely misses you.
You feel better. The warg bites you!!
* * * LOW HITPOINT WARNING * * *
Unknown command.
Okay, then.
Okay, then.
As you read the scroll labelled UVVIM VOUT, it dissolves into smoke.
It was a scroll of fog.
The warg bites you!
You die...

#######
#.§§§§#
#@h#
#§§#
#§§#
#..P
...##
#.^.
#.)#
#..#


You could see a warg.

Vanquished Creatures
  An acid dragon (D:10)
  A water moccasin (D:6)
  A black bear (D:5)
  A wolf (Lair:1)
  2 ogres (D:5)
  2 centaurs
  3 phantoms
  3 kobold brigands (Sewer)
  3 bullfrogs
  A gnoll sergeant (D:10)
  2 scorpions
  A howler monkey (D:7)
  3 bombardier beetles
  2 hounds
  8 orc priests
  A gnoll bouda (D:6)
  4 sleepcaps
  A jelly (D:6)
  Jessica (D:2)
  2 iguanas (D:5)
  An orc wizard (D:5)
  Robin (D:2)
  15 adders
  8 gnolls
  3 river rats (Sewer)
  2 shadow imps (D:6)
  2 ufetubi (D:6)
  5 ribbon worms
  4 dart slugs
  19 orcs
  7 endoplasms
  2 giant cockroaches (D:3)
  11 goblins
  11 hobgoblins
  3 jackals (D:2)
  5 quokkas
  11 ball pythons
  7 bats
  3 frilled lizards
  7 kobolds
  14 rats
184 creatures vanquished.

Vanquished Creatures (others)
  An orc wizard (D:3)
1 creature vanquished.

Grand Total: 185 creatures vanquished

Notes
Turn   | Place    | Note
-------+----------+-------------------------------------------
     0 | D:1      | hawla the Deep Elf Conjurer began the quest for the Orb.
     0 | D:1      | Reached XP level 1. HP: 10/10 MP: 6/6
   235 | D:1      | Reached XP level 2. HP: 15/15 MP: 6/8
   238 | D:1      | Learned a level 2 spell: Searing Ray
   827 | D:1      | Reached skill level 1 in Fighting
  1339 | D:2      | Reached XP level 3. HP: 20/20 MP: 7/9
  1687 | D:2      | Noticed Robin
  1697 | D:2      | Killed Robin
  1698 | D:2      | Reached skill level 1 in Translocations
  1709 | D:2      | Reached XP level 4. HP: 19/26 MP: 1/10
  2389 | D:2      | Noticed Jessica
  2432 | D:2      | Killed Jessica
  2433 | D:2      | Reached skill level 1 in Shields
  2619 | D:3      | Reached XP level 5. HP: 21/30 MP: 2/11
  2783 | D:3      | Found a glowing drain.
  2807 | Sewer    | Entered a sewer
  3292 | Sewer    | Reached XP level 6. HP: 35/35 MP: 4/12
  3820 | Sewer    | Reached skill level 1 in Evocations
  4086 | D:3      | Reached XP level 7. HP: 40/40 MP: 7/13
  4922 | D:3      | Found a sacrificial altar of Ru.
  4985 | D:3      | Found a bloodstained altar of Trog.
  5092 | D:4      | Identified the +5 leather armour of the Sacrificial Victim
                  | {Dex+3}
  5124 | D:4      | Reached skill level 5 in Stealth
  5134 | D:4      | Noticed Meikha's ghost (amateur OpMo)
  5166 | D:4      | Found a transporter.
  5361 | D:4      | Found a transporter.
  5566 | D:5      | Entered Level 5 of the Dungeon
  5568 | D:5      | Identified a scroll of acquirement
  5568 | D:5      | Acquired the ring of Moderation {rN+ EV+5 Str+3}
  5628 | D:5      | Found a staircase to the Ecumenical Temple.
  5667 | Temple   | Entered the Ecumenical Temple
  6052 | D:5      | Reached skill level 5 in Evocations
  6084 | D:5      | Found a broken altar of Ashenzari.
  6115 | D:5      | Reached skill level 5 in Conjurations
  6120 | D:5      | Reached XP level 8. HP: 30/44 MP: 0/14
  6125 | D:5      | Learned a level 4 spell: Iskenderun's Mystic Blast
  6699 | D:5      | Reached skill level 4 in Spellcasting
  6830 | D:5      | Found a sparkling altar of Nemelex Xobeh.
  7004 | D:6      | Found an ornate altar of the Wu Jian Council.
  7133 | D:6      | Reached skill level 5 in Spellcasting
  7148 | D:6      | Found a basalt altar of Yredelemnul.
  7194 | D:6      | Found a glowing silver altar of Zin.
  7306 | D:6      | Found a hazy altar of Hepliaklqana.
  7352 | D:6      | Reached skill level 6 in Spellcasting
  7375 | D:6      | Reached skill level 7 in Spellcasting
  7660 | D:6      | Found an opulent altar of Gozag.
  7660 | D:6      | Found Gozag's Platinum Reserve.
  7728 | D:6      | Reached skill level 8 in Spellcasting
  7832 | D:6      | Reached XP level 9. HP: 48/48 MP: 23/23
  8012 | D:6      | Found a radiant altar of Vehumet.
  8081 | D:6      | Became a worshipper of Vehumet
  8155 | D:7      | Reached skill level 9 in Spellcasting
  8162 | D:7      | Reached skill level 1 in Shapeshifting
  8468 | D:7      | You fall into a shaft and drop 3 floors!
  8468 | D:10     | Entered Level 10 of the Dungeon
  8757 | D:8      | Found a staircase to the Lair.
  8757 | D:8      | Noticed Jeremiah
  8761 | Lair:1   | Entered Level 1 of the Lair of Beasts
  8766 | Lair:1   | Slain by a warg

Illustrated notes

Levels and vault maps discovered:
D:1:      roadster_arrival_rocket_large, layout_basic
D:2:      layout_loops_ring, kennysheep_small_spiral,
          minmay_randomly_rotated_circles, uniq_robin, uniq_jessica
D:3:      layout_basic, lemuel_round_altar, mainiacjoe_overflow_boulevard,
          cheibrodos_sewer_entry_bend, minmay_fractal_squares_5
D:4:      layout_basic, gammafunk_ghost_arena
D:5:      layout_loops_ring, lemuel_doored_altar, general_overflow_altar,
          minmay_temple_entry_large_hall, minivault_25
D:6:      layout_cave_pools, mainiacjoe_overflow_alcove_2,
          nicolae_gozag_zags_fifth_avenue, grunt_temple_overflow_open,
          serial_library, serial_library_hellmonk_metal_room,
          serial_library_hellmonk_u_bend,
          serial_library_regret_index_branch_corner,
          serial_library_hellmonk_layered_room,
          serial_library_hellmonk_open_cross,
          serial_library_hellmonk_reading_circle
D:7:      layout_basic
D:8:      layout_basic, amcnicky_altar_gilded, fedhas_altar_decomposition,
          erik_lair_orcish_takeover, uniq_jeremiah, uniq_maurice
D:9:      layout_roguey, mainiacjoe_overflow_tiny_flanked,
          nicolae_elyvilon_temple_path, nicolae_island_escapes, uniq_grum
D:10:     layout_roguey, kennysheep_generic_room_11
Temple:   nicolae_temple_colour_theory
Lair:1:   layout_gridlike, serial_bayou_lagoon_b

Skill      XL: |  1  2  3  4  5  6  7  8  9 |
---------------+----------------------------+-----
Fighting       | 1 2 |  2.0
Translocations | 2 3 |  3.0
Shields        | 1 3 4 |  4.0
Stealth        | 3 5 |  5.0
Evocations     | 2 5 |  5.0
Conjurations   | 5 7 |  7.0
Spellcasting   | 8 9 |  9.0
Dodging        | 4 |  4.6
Shapeshifting  | 3 |  3.0
Staves         | |  0.2

Action                     |  1- 3 |  4- 6 |  7- 9 || total
---------------------------+-------+-------+-------++-------
  Melee: Quarterstaff      |     5 |   108 |    91 ||   204
   Cast: Magic Dart        |    52 |    16 |    53 ||   121
         Searing Ray       |     5 |    36 |    52 ||    93
         Iskenderun's Myst |       |       |     6 ||     6
    Use: Scroll            |     4 |     3 |     6 ||    13
         Potion            |     2 |     6 |     1 ||     9
   Stab: Sleeping          |       |     1 |     9 ||    10
         Distracted        |       |       |     1 ||     1
 Armour: Robe              |    17 |   113 |   114 ||   244
  Dodge: Dodged            |    17 |   127 |   143 ||   287
